[Event "EYTCC Open U18 2018"]
[Site "Bad Blankeburg"]
[Date "2018.07.12"]
[Round "1"]
[White "Gumularz, Szymon"]
[Black "Subelj, Jan"]
[Result "*"]
[ECO "B41"]
[WhiteElo "2461"]
[BlackElo "2327"]
[Annotator "ChessBase"]
[PlyCount "54"]
[EventDate "2018.07.12"]
[EventType "swiss"]
[EventCountry "GER"]
[SourceTitle "playchess.com"]
[Source "ChessBase"]
[SourceQuality "1"]
[TimeControl "40/5400+30:1800+30"]

1. e4 c5 2. Nf3 e6 3. d4 cxd4 4. Nxd4 a6 5. c4 Nf6 6. Nc3 Bb4 7. Qd3 Nc6 8. Nxc6 dxc6 9. Qxd8+ Kxd8 10. e5 Nd7 11. Bf4 f5 12. O-O-O Be7 13. h4 Kc7 14. Ne2 b5 15. Kb1 bxc4 16. Rc1 Nb6 17. Be3 Rb8 18. Nf4 Na4 19. Rc2 Ba3 20. Bxc4 Bxb2 21. Bb3 Bxe5 22. Rhc1 Bd7 23. Rc4 Nb6 24. Nxe6+ Kd6 25. Bxb6 Rxb6 26. Rd1+ Ke7 27. Ng5 f4 *

[Event "EYTCC Open U18 2018"]
[Site "Bad Blankeburg"]
[Date "2018.07.12"]
[Round "1"]
[White "Engel, Luis"]
[Black "Kesgin, Halit Kaan"]
[Result "*"]
[ECO "B11"]
[WhiteElo "2459"]
[BlackElo "2049"]
[Annotator "ChessBase"]
[PlyCount "47"]
[EventDate "2018.07.12"]
[EventType "swiss"]
[EventCountry "GER"]
[SourceTitle "playchess.com"]
[Source "ChessBase"]
[SourceQuality "1"]
[TimeControl "40/5400+30:1800+30"]

1. e4 c6 2. Nc3 d5 3. Nf3 Bg4 4. h3 Bh5 5. exd5 cxd5 6. g4 Bg6 7. Ne5 Nc6 8. Bb5 Rc8 9. h4 f6 10. Nxg6 hxg6 11. d4 e6 12. Be3 Bb4 13. Qd3 Nge7 14. Bd2 Qa5 15. a3 a6 16. Bxc6+ Rxc6 17. Ne2 Bxd2+ 18. Qxd2 Qxd2+ 19. Kxd2 Kf7 20. c3 Nc8 21. Nf4 Nd6 22. Nd3 a5 23. a4 b6 24. Kc2 *

[Event "EYTCC Open U18 2018"]
[Site "Bad Blankeburg"]
[Date "2018.07.12"]
[Round "1"]
[White "Gavrilescu, David"]
[Black "Vykouk, Jan"]
[Result "*"]
[ECO "A50"]
[WhiteElo "2451"]
[BlackElo "2419"]
[Annotator "ChessBase"]
[PlyCount "44"]
[EventDate "2018.07.12"]
[EventType "swiss"]
[EventCountry "GER"]
[SourceTitle "playchess.com"]
[Source "ChessBase"]
[SourceQuality "1"]
[TimeControl "40/5400+30:1800+30"]

1. d4 Nf6 2. c4 b6 3. Nc3 Bb7 4. Qc2 d5 5. cxd5 Nxd5 6. Nf3 Nxc3 7. bxc3 Nd7 8. e4 g6 9. h4 h6 10. e5 e6 11. Bd3 c5 12. Rh3 Qc7 13. Qb2 c4 14. Bc2 Bd5 15. a4 a6 16. Qa2 Qc6 17. Ba3 O-O-O 18. Rg3 Kc7 19. Kf1 Bxa3 20. Qxa3 Rdg8 21. Kg1 Rg7 22. Re1 Rhg8 *

[Event "EYTCC Open U18 2018"]
[Site "Bad Blankeburg"]
[Date "2018.07.12"]
[Round "1"]
[White "Bjerre, Jonas Buhl"]
[Black "Kozak, Adam"]
[Result "*"]
[ECO "C54"]
[WhiteElo "2436"]
[BlackElo "2446"]
[Annotator "NA"]
[PlyCount "42"]
[EventDate "2018.07.12"]
[EventType "swiss"]
[EventCountry "GER"]
[SourceTitle "playchess.com"]
[Source "ChessBase"]
[SourceQuality "1"]
[TimeControl "40/5400+30:1800+30"]

1. e4 e5 2. Nf3 Nc6 3. Bc4 Bc5 4. c3 Nf6 5. d3 a6 6. Bb3 d6 7. Nbd2 O-O 8. O-O Ba7 9. h3 Kh8 10. Nc4 Be6 11. Re1 b5 $11 12. Ne3 d5 13. exd5 Nxd5 14. Ng4 f6 15. d4 Bxg4 16. hxg4 exd4 17. cxd4 Qd7 18. a4 Rad8 19. axb5 axb5 20. g5 Qg4 21. gxf6 gxf6 *

[Event "EYTCC Open U18 2018"]
[Site "Bad Blankeburg"]
[Date "2018.07.12"]
[Round "1"]
[White "Horvath, Dominik"]
[Black "Jakab, Bela"]
[Result "*"]
[ECO "B56"]
[WhiteElo "2429"]
[BlackElo "2292"]
[Annotator "NA"]
[PlyCount "44"]
[EventDate "2018.07.12"]
[EventType "swiss"]
[EventCountry "GER"]
[SourceTitle "playchess.com"]
[Source "ChessBase"]
[SourceQuality "1"]
[TimeControl "40/5400+30:1800+30"]

1. e4 c5 2. Nf3 d6 3. d4 cxd4 4. Nxd4 Nf6 5. Nc3 Nc6 6. g3 e5 7. Nde2 Bg4 8. Bg2 Nd4 9. Qd3 Nxe2 10. Nxe2 Be7 11. c4 O-O 12. Nc3 Nd7 13. Be3 Bg5 14. Qxd6 $11 ({White should try} 14. Bxg5 $16 Qxg5 15. Qxd6) 14... Bxe3 15. fxe3 Qg5 16. Qd2 Rad8 17. Nd5 Bh5 18. O-O Bg6 19. Rad1 Kh8 20. Qf2 Nc5 21. Qc2 Qg4 22. Nc3 Rc8 *

[Event "EYTCC Open U18 2018"]
[Site "Bad Blankeburg"]
[Date "2018.07.12"]
[Round "1"]
[White "Martin, Julian"]
[Black "Urban, Konstantin"]
[Result "*"]
[ECO "D37"]
[WhiteElo "2415"]
[BlackElo "2325"]
[Annotator "NA"]
[PlyCount "50"]
[EventDate "2018.07.12"]
[EventType "swiss"]
[EventCountry "GER"]
[SourceTitle "playchess.com"]
[Source "ChessBase"]
[SourceQuality "1"]
[TimeControl "40/5400+30:1800+30"]

1. Nf3 Nf6 2. c4 e6 3. Nc3 d5 4. d4 Be7 5. Bf4 O-O 6. e3 c6 7. Bd3 Nbd7 8. h3 dxc4 9. Bxc4 b5 10. Be2 b4 11. Na4 c5 12. O-O Bb7 13. Rc1 Rc8 $11 14. Ne5 cxd4 15. Qxd4 Nxe5 16. Qxd8 Rfxd8 17. Bxe5 Rd2 18. Bf3 Rxc1 19. Rxc1 Bxf3 20. gxf3 Kf8 21. Bd4 a5 22. Kf1 b3 23. axb3 Ne8 24. Bc3 Rd5 25. Nb6 Rh5 *

[Event "EYTCC Open U18 2018"]
[Site "Bad Blankeburg"]
[Date "2018.07.12"]
[Round "1"]
[White "Zarubitski, Viachaslau"]
[Black "Gorshtein, Ido"]
[Result "*"]
[ECO "B36"]
[WhiteElo "2412"]
[BlackElo "2382"]
[Annotator "NA"]
[PlyCount "39"]
[EventDate "2018.07.12"]
[EventType "swiss"]
[EventCountry "GER"]
[SourceTitle "playchess.com"]
[Source "ChessBase"]
[SourceQuality "1"]
[TimeControl "40/5400+30:1800+30"]

1. e4 c5 2. Nf3 Nc6 3. d4 cxd4 4. Nxd4 g6 5. c4 Nf6 6. Nc3 Nxd4 7. Qxd4 d6 8. f3 Bg7 9. Be3 O-O 10. Qd2 Be6 11. Rc1 Qa5 12. Bd3 Rfc8 13. b3 Nd7 14. O-O a6 15. f4 f5 16. exf5 Bxf5 17. Bxf5 gxf5 18. Rf3 Bxc3 19. Rxc3 Nf6 20. Qd3 *

[Event "EYTCC Open U18 2018"]
[Site "Bad Blankeburg"]
[Date "2018.07.12"]
[Round "1"]
[White "Badelka, Olga"]
[Black "Parkhov, Yair"]
[Result "1-0"]
[ECO "D43"]
[WhiteElo "2407"]
[BlackElo "2364"]
[Annotator "NA"]
[PlyCount "97"]
[EventDate "2018.07.12"]
[EventType "swiss"]
[EventCountry "GER"]
[SourceTitle "playchess.com"]
[Source "ChessBase"]
[SourceQuality "1"]
[TimeControl "40/5400+30:1800+30"]

1. c4 e6 2. Nc3 d5 3. d4 c6 4. Nf3 Nf6 5. Bg5 h6 6. Bh4 dxc4 7. e4 g5 8. Bg3 b5 9. Be2 Bb7 10. Ne5 Nbd7 11. O-O h5 12. Nxd7 Qxd7 13. Be5 Rh6 14. f4 g4 15. Qc2 b4 16. Na4 c5 17. Nxc5 Bxc5 18. dxc5 Nxe4 19. Bxc4 Qc6 20. Rfd1 g3 21. Bb3 Qxc5+ 22. Qxc5 gxh2+ 23. Kxh2 Nxc5 24. Bc4 a6 25. Rac1 Rc8 26. Be2 Ne4 27. Rxc8+ Bxc8 28. Bc7 Bd7 29. Rd4 b3 30. axb3 Nf6 31. Rb4 Ke7 32. Rb8 Bb5 33. Bf3 Kd7 34. Ba5 Nd5 35. Rb7+ Ke8 36. f5 h4 37. fxe6 fxe6 38. Bd2 Rf6 39. Bg5 Rxf3 40. gxf3 Bc6 41. Ra7 Nb4 42. Re7+ Kf8 43. Rxe6 Bd5 44. Rf6+ Kg7 45. Bxh4 Nc6 46. Kg3 a5 47. Rd6 Nb4 48. Bf6+ Kf7 49. Bc3 1-0

[Event "EYTCC Open U18 2018"]
[Site "Bad Blankeburg"]
[Date "2018.07.12"]
[Round "1"]
[White "Morgunov, Marc"]
[Black "Haring, Filip"]
[Result "1/2-1/2"]
[ECO "B41"]
[WhiteElo "2362"]
[BlackElo "2310"]
[Annotator "NA"]
[PlyCount "83"]
[EventDate "2018.07.12"]
[EventType "swiss"]
[EventCountry "GER"]
[SourceTitle "playchess.com"]
[Source "ChessBase"]
[SourceQuality "1"]
[TimeControl "40/5400+30:1800+30"]

1. e4 c5 2. Nf3 e6 3. d4 cxd4 4. Nxd4 a6 5. c4 Nf6 6. Nc3 Bb4 7. Qd3 Nc6 8. Nxc6 dxc6 9. Qxd8+ Kxd8 10. e5 Nd7 11. Bf4 f5 12. O-O-O Be7 13. h4 Kc7 14. Ne2 b5 15. Kb1 bxc4 16. Rc1 Nb6 17. Be3 Rb8 18. Nf4 Na4 19. Rc2 Ba3 20. Bxc4 Bxb2 21. Bb3 Bxe5 22. Rhc1 Bd7 23. Rc4 Nb6 24. Nxe6+ Kd6 25. Bxb6 Rxb6 26. Rd1+ Ke7 27. Ng5 f4 28. Re1 Rb5 29. Rxf4 Rf8 30. Rxf8 Kxf8 31. Nxh7+ Ke7 32. f4 Bf5+ 33. Kc1 Bxh7 34. Rxe5+ Rxe5 35. fxe5 Be4 36. Kd2 Bxg2 37. Kc3 c5 38. a3 Bf1 39. Bd5 Bb5 40. Bb3 Bd7 41. Bd5 Bb5 42. Bb3 1/2-1/2

[Event "EYTCC Open U18 2018"]
[Site "Bad Blankeburg"]
[Date "2018.07.12"]
[Round "1"]
[White "Morgunov, Marc"]
[Black "Haring, Filip"]
[Result "*"]
[ECO "D43"]
[WhiteElo "2362"]
[BlackElo "2310"]
[Annotator "NA"]
[PlyCount "50"]
[EventDate "2018.07.12"]
[EventType "swiss"]
[EventCountry "GER"]
[SourceTitle "playchess.com"]
[Source "ChessBase"]
[SourceQuality "1"]
[TimeControl "40/5400+30:1800+30"]

1. c4 e6 2. Nc3 d5 3. d4 c6 4. Nf3 Nf6 5. Bg5 h6 6. Bh4 dxc4 7. e4 g5 8. Bg3 b5 9. Be2 Bb7 10. Ne5 Nbd7 11. O-O h5 12. Nxd7 Qxd7 13. Be5 Rh6 14. f4 g4 15. Qc2 b4 16. Na4 c5 17. Nxc5 Bxc5 18. dxc5 Nxe4 19. Bxc4 Qc6 20. Rfd1 g3 21. Bb3 Qxc5+ 22. Qxc5 gxh2+ 23. Kxh2 Nxc5 24. Bc4 a6 25. Rac1 Rc8 *

[Event "EYTCC Open U18 2018"]
[Site "Bad Blankeburg"]
[Date "2018.07.12"]
[Round "1"]
[White "Buckels, Valentin"]
[Black "Keymer, Vincent"]
[Result "*"]
[ECO "A13"]
[WhiteElo "2353"]
[BlackElo "2466"]
[Annotator "ChessBase"]
[PlyCount "39"]
[EventDate "2018.07.12"]
[EventType "swiss"]
[EventCountry "GER"]
[SourceTitle "playchess.com"]
[Source "ChessBase"]
[SourceQuality "1"]
[TimeControl "40/5400+30:1800+30"]

1. Nf3 d5 2. c4 e6 3. g3 c5 4. cxd5 exd5 5. d4 Nc6 6. Bg2 Nf6 7. O-O Be7 8. dxc5 Bxc5 9. Qc2 Bb6 10. Nc3 h6 11. Na4 O-O 12. Rd1 Bg4 13. Nxb6 Qxb6 14. Be3 Qa6 15. b3 Rac8 16. Qb2 Nb4 17. Nd4 Nc6 18. Bf1 Rfe8 19. Rac1 Ne4 20. Nxc6 *

[Event "EYTCC Open U18 2018"]
[Site "Bad Blankeburg"]
[Date "2018.07.12"]
[Round "1"]
[White "Bronstein, Or"]
[Black "Nikitenko, Mihail"]
[Result "0-1"]
[ECO "D10"]
[WhiteElo "2350"]
[BlackElo "2371"]
[Annotator "NA"]
[PlyCount "144"]
[EventDate "2018.07.12"]
[EventType "swiss"]
[EventCountry "GER"]
[SourceTitle "playchess.com"]
[Source "ChessBase"]
[SourceQuality "1"]
[TimeControl "40/5400+30:1800+30"]

1. d4 d5 2. c4 c6 3. cxd5 cxd5 4. Bf4 Nc6 5. e3 Nf6 6. Nc3 e6 7. Bd3 Be7 8. Rc1 O-O 9. h3 Bd7 10. Nf3 Qa5 11. O-O Rfc8 12. Qe2 Be8 13. a3 Qd8 14. Rc2 Na5 15. Ne5 Nd7 16. Qg4 f5 17. Qg3 Bh4 18. Qf3 Nxe5 19. Bxe5 Nc4 20. Bxc4 Rxc4 21. Rd2 Rac8 22. Ne2 Qa5 23. Rdd1 Rc2 24. Nf4 Qa6 25. g3 Bg5 26. Rb1 Bh6 27. Rfd1 Bb5 28. b3 Bxf4 29. Qxf4 h6 30. Qh4 Be8 31. Qe7 Bf7 32. Re1 Qc6 33. a4 Re8 34. Qa3 Qc3 35. Rec1 Rc8 36. Rxc2 Qxc2 37. Qb2 Bh5 38. Qxc2 Rxc2 39. Bd6 Bf3 40. a5 a6 41. Kf1 Be2+ 42. Kg2 g5 43. g4 fxg4 44. hxg4 Bxg4 45. Ba3 Ra2 46. Bb4 Bf5 47. Rc1 Bc2 48. Kg3 Kf7 49. f4 Kg6 50. fxg5 hxg5 51. Rf1 Be4 52. Rf2 Ra1 53. Rh2 Rb1 54. Bd6 Rxb3 55. Kf2 Rb2+ 56. Kg3 Rb1 57. Rh8 Rg1+ 58. Kf2 Rg2+ 59. Kf1 Ra2 60. Bc7 Bd3+ 61. Kg1 Kf5 62. Rg8 Kg4 63. Bd8 Kh3 64. Rh8+ Kg3 65. Bc7+ Kg4 66. Rg8 Ra1+ 67. Kf2 Ra2+ 68. Kg1 Be4 69. Bd8 Kf3 70. Rxg5 Kxe3 71. Bb6 Ra1+ 72. Kh2 Kf4 0-1

[Event "EYTCC Open U18 2018"]
[Site "Bad Blankeburg"]
[Date "2018.07.12"]
[Round "1"]
[White "Dobrovoljc, Vid"]
[Black "Janik, Igor"]
[Result "*"]
[ECO "A50"]
[WhiteElo "2344"]
[BlackElo "2420"]
[Annotator "NA RC"]
[PlyCount "114"]
[EventDate "2018.07.12"]
[EventType "swiss"]
[EventCountry "GER"]
[SourceTitle "playchess.com"]
[Source "ChessBase"]
[SourceQuality "1"]
[TimeControl "40/5400+30:1800+30"]

1. d4 Nf6 2. c4 b6 3. Nc3 Bb7 4. Qc2 d5 5. cxd5 Nxd5 6. Nf3 Nxc3 7. bxc3 Nd7 8. e4 g6 9. h4 h6 10. e5 e6 11. Bd3 c5 12. Rh3 Qc7 13. Qb2 c4 14. Bc2 Bd5 15. a4 a6 16. Qa2 Qc6 17. Ba3 O-O-O 18. Rg3 Kc7 19. Kf1 Bxa3 20. Qxa3 Rdg8 21. Kg1 Rg7 22. Re1 Rhg8 23. Qc1 g5 24. hxg5 Bxf3 25. gxf3 Rxg5 26. Qf4 R8g7 27. Kg2 b5 28. Be4 Qb6 29. axb5 axb5 30. Rh1 Qa5 31. Qd2 Nb6 32. Rxh6 Rxg3+ 33. fxg3 Na4 34. Qf4 Qxc3 35. Qf6 Qd2+ 36. Kh3 Qg5 37. Qxg5 Rxg5 38. Rh7 Nc3 39. Rxf7+ Kb6 40. Rf6 Nxe4 41. Rxe6+ Kb7 42. Re7+ Kb6 43. fxe4 c3 44. d5 Rg8 45. d6 Rc8 46. d7 Rd8 47. Rf7 c2 48. Rf1 Rxd7 49. Rc1 Rd2 50. g4 b4 51. e6 Kc7 52. g5 b3 53. g6 b2 54. e7 bxc1=Q 55. e8=Q Qf1+ 56. Kg3 Rg2+ 57. Kh3 Qh1# *

[Event "EYTCC Open U18 2018"]
[Site "Bad Blankeburg"]
[Date "2018.07.12"]
[Round "1"]
[White "Iliaguev, Nisim"]
[Black "Papunidi, Matvey"]
[Result "1-0"]
[ECO "D00"]
[WhiteElo "2335"]
[BlackElo "1913"]
[Annotator "NA"]
[PlyCount "88"]
[EventDate "2018.07.12"]
[EventType "swiss"]
[EventCountry "GER"]
[SourceTitle "playchess.com"]
[Source "ChessBase"]
[SourceQuality "1"]
[TimeControl "40/5400+30:1800+30"]

1. d4 d5 2. Bf4 Nf6 3. e3 c5 4. c3 Nc6 5. Nf3 Qb6 6. Qb3 c4 7. Qc2 Bf5 8. Qc1 e6 9. Be2 Be7 10. O-O h6 11. h3 O-O 12. Nbd2 Qd8 13. Bg3 b5 14. b3 cxb3 15. axb3 Qb6 16. c4 Rfc8 17. c5 Qb7 18. Qb2 a6 19. b4 Ne4 20. Nxe4 Bxe4 21. Ne5 Bf6 22. Nxc6 Qxc6 23. Ra3 Bd8 24. Rfa1 Ra7 25. Qc1 Rca8 26. Qf1 Rb7 27. R3a2 Kf8 28. Bd1 Rba7 29. Be2 Rb7 30. Qe1 Rba7 31. Qd2 Kg8 32. Bd1 Bf6 33. Ra5 Bd8 34. R5a3 Kf8 35. Bb3 Bg6 36. f3 Bg5 37. Re1 Kg8 38. Kh2 h5 39. Qa2 Rd8 40. Be5 h4 41. Kh1 Bd3 42. Bxd5 Rxd5 43. Rxd3 Rad7 44. Ra3 Qc8 1-0

[Event "EYTCC Open U18 2018"]
[Site "Bad Blankeburg"]
[Date "2018.07.12"]
[Round "1"]
[White "Szustakowski, Antoni"]
[Black "Stevanic, David"]
[Result "1-0"]
[ECO "A13"]
[WhiteElo "2330"]
[BlackElo "2253"]
[Annotator "NA"]
[PlyCount "141"]
[EventDate "2018.07.12"]
[EventType "swiss"]
[EventCountry "GER"]
[SourceTitle "playchess.com"]
[Source "ChessBase"]
[SourceQuality "1"]
[TimeControl "40/5400+30:1800+30"]

1. Nf3 d5 2. c4 e6 3. g3 c5 4. cxd5 exd5 5. d4 Nc6 6. Bg2 Nf6 7. O-O Be7 8. dxc5 Bxc5 9. Qc2 Bb6 10. Nc3 h6 11. Na4 O-O 12. Rd1 Bg4 13. Nxb6 Qxb6 14. Be3 Qa6 15. b3 Rac8 16. Qb2 Nb4 17. Nd4 Nc6 18. Bf1 Rfe8 19. Rac1 Ne4 20. Nxc6 Rxc6 21. Rxc6 Qxc6 22. Qd4 Nf6 23. Rc1 Qd7 24. Qf4 Rc8 25. Rxc8+ Qxc8 26. f3 Be6 27. Bd4 Qc2 28. Qb8+ Kh7 29. Qxa7 Qb1 30. Kf2 Qf5 31. Qa5 h5 32. Bxf6 Qxf6 33. Qd2 h4 34. e3 hxg3+ 35. hxg3 Qa1 36. Bd3+ g6 37. Kg2 Kg8 38. Qc2 Qe1 39. Qe2 Qa1 40. Qc2 Qe1 41. Qe2 Qa1 42. g4 d4 43. exd4 Qxd4 44. Bxg6 Bd5 45. Be4 Bxe4 46. Qxe4 Qb2+ 47. Kg3 Qxa2 48. Qxb7 Qa1 49. Qc8+ Kg7 50. Qc4 Qe1+ 51. Kf4 f6 52. Qd5 Qc1+ 53. Ke4 Qc2+ 54. Kd4 Qd2+ 55. Kc4 Qe2+ 56. Kb4 Qe1+ 57. Kb5 Qe2+ 58. Kb6 Qe3+ 59. Kb7 Qe7+ 60. Kc6 Qa3 61. Kb5 Qa7 62. g5 fxg5 63. Qxg5+ Kf7 64. Qd5+ Kg7 65. b4 Qb8+ 66. Kc4 Qc7+ 67. Kb3 Qc1 68. Qd4+ Kh6 69. Qd3 Qc6 70. Qe3+ Kh5 71. Qc5+ 1-0

[Event "EYTCC Open U18 2018"]
[Site "Bad Blankeburg"]
[Date "2018.07.12"]
[Round "1"]
[White "Szustakowski, Antoni"]
[Black "Stevanic, David"]
[Result "*"]
[ECO "B10"]
[WhiteElo "2330"]
[BlackElo "2253"]
[Annotator "NA"]
[PlyCount "60"]
[EventDate "2018.07.12"]
[EventType "swiss"]
[EventCountry "GER"]
[SourceTitle "playchess.com"]
[Source "ChessBase"]
[SourceQuality "1"]
[TimeControl "40/5400+30:1800+30"]

1. e4 c6 2. Nf3 d5 3. Nc3 dxe4 4. Nxe4 Nf6 5. Qe2 Nxe4 6. Qxe4 Qd5 7. Qf4 Qf5 8. d3 Qxf4 9. Bxf4 Bg4 10. Be2 Nd7 11. O-O-O e6 12. h3 Bxf3 13. Bxf3 O-O-O 14. d4 Nf6 15. c4 Bd6 16. Be3 Kb8 17. Rd3 Rd7 18. Rhd1 Rhd8 19. Kc2 Be7 20. a3 Ne8 21. g4 Rc8 22. Kb3 Rcd8 23. Kc3 Rc8 24. R3d2 a6 25. Kb3 Rcd8 26. d5 cxd5 27. cxd5 e5 28. g5 Nd6 29. Bg4 Rc7 30. Bb6 Bxg5 *

[Event "EYTCC Open U18 2018"]
[Site "Bad Blankeburg"]
[Date "2018.07.12"]
[Round "1"]
[White "Sahidi, Samir"]
[Black "Morgunov, Daniel"]
[Result "*"]
[ECO "D00"]
[WhiteElo "2300"]
[BlackElo "2346"]
[Annotator "NA"]
[PlyCount "55"]
[EventDate "2018.07.12"]
[EventType "swiss"]
[EventCountry "GER"]
[SourceTitle "playchess.com"]
[Source "ChessBase"]
[SourceQuality "1"]
[TimeControl "40/5400+30:1800+30"]

1. d4 d5 2. Bf4 Nf6 3. e3 c5 4. c3 Nc6 5. Nf3 Qb6 6. Qb3 c4 7. Qc2 Bf5 8. Qc1 e6 9. Be2 Be7 10. O-O h6 11. h3 O-O 12. Nbd2 Qd8 13. Bg3 b5 14. b3 cxb3 15. axb3 Qb6 16. c4 Rfc8 17. c5 Qb7 18. Qb2 a6 19. b4 Ne4 20. Nxe4 Bxe4 21. Ne5 Bf6 22. Nxc6 Qxc6 23. Ra3 Bd8 24. Rfa1 Ra7 25. Qc1 Rca8 26. Qf1 Rb7 27. R3a2 Kf8 28. Bd1 *

[Event "EYTCC Open U18 2018"]
[Site "Bad Blankeburg"]
[Date "2018.07.12"]
[Round "1"]
[White "Sahidi, Samir"]
[Black "Morgunov, Daniel"]
[Result "0-1"]
[ECO "E97"]
[WhiteElo "2300"]
[BlackElo "2346"]
[Annotator "NA"]
[PlyCount "56"]
[EventDate "2018.07.12"]
[EventType "swiss"]
[EventCountry "GER"]
[SourceTitle "playchess.com"]
[Source "ChessBase"]
[SourceQuality "1"]
[TimeControl "40/5400+30:1800+30"]

1. d4 Nf6 2. c4 g6 3. Nc3 Bg7 4. e4 d6 5. Be2 O-O 6. Nf3 e5 7. O-O Nc6 8. d5 Ne7 9. b4 Nh5 10. Ne1 Nf4 11. Nd3 f5 12. Bf3 g5 13. Bh5 Neg6 14. c5 g4 15. Bxg6 hxg6 16. cxd6 cxd6 17. Nb2 Bd7 18. Bd2 Rc8 19. Qb3 Qh4 20. Nc4 Rxc4 21. Qxc4 Rc8 22. Qb3 Kf7 23. g3 Qh3 24. gxf4 Rh8 25. Rfc1 Qxh2+ 26. Kf1 Qh1+ 27. Ke2 Qf3+ 28. Ke1 Rh1# 0-1

[Event "EYTCC Open U18 2018"]
[Site "Bad Blankeburg"]
[Date "2018.07.12"]
[Round "1"]
[White "Amon, Nejc"]
[Black "Teclaf, Pawel"]
[Result "1/2-1/2"]
[ECO "B11"]
[WhiteElo "2295"]
[BlackElo "2399"]
[Annotator "NA"]
[PlyCount "85"]
[EventDate "2018.07.12"]
[EventType "swiss"]
[EventCountry "GER"]
[SourceTitle "playchess.com"]
[Source "ChessBase"]
[SourceQuality "1"]
[TimeControl "40/5400+30:1800+30"]

1. e4 c6 2. Nc3 d5 3. Nf3 Bg4 4. h3 Bh5 5. exd5 cxd5 6. g4 Bg6 7. Ne5 Nc6 8. Bb5 Rc8 9. h4 f6 10. Nxg6 hxg6 11. d4 e6 12. Be3 Bb4 13. Qd3 Nge7 14. Bd2 Qa5 15. a3 a6 16. Bxc6+ Rxc6 17. Ne2 Bxd2+ 18. Qxd2 Qxd2+ 19. Kxd2 Kf7 20. c3 Nc8 21. Nf4 Nd6 22. Nd3 a5 23. a4 b6 24. Kc2 Nc4 25. Rae1 Rb8 26. Ra1 e5 27. dxe5 fxe5 28. b3 e4 29. Nf4 Ne5 30. Nxd5 Nxg4 31. Rae1 Nf6 32. Nxf6 Rxf6 33. Rxe4 Rxf2+ 34. Kd3 Rb2 35. b4 Rd8+ 36. Kc4 Rc8+ 37. Kb5 Ra2 38. Kxb6 Rxa4 39. Kb5 Ra3 40. bxa5 Rb8+ 41. Kc4 Rxa5 42. Rf1+ Kg8 43. Rg1 1/2-1/2

[Event "EYTCC Open U18 2018"]
[Site "Bad Blankeburg"]
[Date "2018.07.12"]
[Round "1"]
[White "Haring, Viktor"]
[Black "Blohberger, Felix"]
[Result "*"]
[ECO "D10"]
[WhiteElo "2289"]
[BlackElo "2420"]
[Annotator "NA"]
[PlyCount "59"]
[EventDate "2018.07.12"]
[EventType "swiss"]
[EventCountry "GER"]
[SourceTitle "playchess.com"]
[Source "ChessBase"]
[SourceQuality "1"]
[TimeControl "40/5400+30:1800+30"]

1. d4 d5 2. c4 c6 3. cxd5 cxd5 4. Bf4 Nc6 5. e3 Nf6 6. Nc3 e6 7. Bd3 Be7 8. Rc1 O-O 9. h3 Bd7 10. Nf3 Qa5 11. O-O Rfc8 12. Qe2 Be8 13. a3 Qd8 14. Rc2 Na5 15. Ne5 Nd7 16. Qg4 f5 17. Qg3 Bh4 18. Qf3 Nxe5 19. Bxe5 Nc4 20. Bxc4 Rxc4 21. Rd2 Rac8 22. Ne2 Qa5 23. Rdd1 Rc2 24. Nf4 Qa6 25. g3 Bg5 26. Rb1 Bh6 27. Rfd1 Bb5 28. b3 Bxf4 29. Qxf4 h6 30. Qh4 *

[Event "EYTCC Open U18 2018"]
[Site "Bad Blankeburg"]
[Date "2018.07.13"]
[Round "2"]
[White "Kozak, Adam"]
[Black "Horvath, Dominik"]
[Result "1/2-1/2"]
[ECO "A06"]
[WhiteElo "2446"]
[BlackElo "2429"]
[Annotator "NA"]
[PlyCount "34"]
[EventDate "2018.07.12"]
[EventType "swiss"]
[EventCountry "GER"]
[SourceTitle "playchess.com"]
[Source "ChessBase"]
[SourceQuality "1"]
[TimeControl "40/5400+30:1800+30"]

1. Nf3 d5 2. g3 g6 3. Bg2 Bg7 4. d4 Nf6 5. O-O O-O 6. c4 Nc6 7. Nbd2 Be6 8. cxd5 Bxd5 9. e3 Ne4 10. Qc2 f5 11. a3 a5 $11 12. b3 Nxd2 13. Bxd2 Be4 14. Qc4+ Bd5 15. Qc2 Be4 16. Qc4+ Bd5 17. Qc2 Be4 1/2-1/2

[Event "EYTCC Open U18 2018"]
[Site "Bad Blankeburg"]
[Date "2018.07.13"]
[Round "2"]
[White "Blohberger, Felix"]
[Black "Szabo, Marton Mihaly"]
[Result "1/2-1/2"]
[ECO "B40"]
[WhiteElo "2420"]
[BlackElo "2371"]
[Annotator "NA"]
[PlyCount "54"]
[EventDate "2018.07.12"]
[EventType "swiss"]
[EventCountry "GER"]
[SourceTitle "playchess.com"]
[Source "ChessBase"]
[SourceQuality "1"]
[TimeControl "40/5400+30:1800+30"]

1. e4 c5 2. Nf3 e6 3. d4 cxd4 4. Nxd4 Bc5 5. Be3 Qb6 6. Nb5 Bxe3 7. fxe3 Nc6 8. N1c3 Qxe3+ 9. Be2 Kf8 10. Qd6+ {[%emt 0:30:23] LiveBook: 3 Games} Nge7 11. Rf1 h5 12. Rd1 $11 Rh6 13. Qc7 Qg5 14. Nd6 Rf6 15. Rxf6 gxf6 16. Bb5 Qh4+ 17. g3 Qxh2 18. Ne2 h4 19. Bxc6 Nxc6 20. Nxc8 Ne5 21. Qc5+ Kg7 22. gxh4 b6 23. Qc3 Qxh4+ 24. Kd2 Qg5+ 25. Ke1 Qh4+ 26. Kd2 Qh6+ 27. Ke1 Qh4+ 1/2-1/2

[Event "EYTCC Open U18 2018"]
[Site "Bad Blankeburg"]
[Date "2018.07.13"]
[Round "2"]
[White "Janik, Igor"]
[Black "Engel, Luis"]
[Result "1-0"]
[ECO "B51"]
[WhiteElo "2420"]
[BlackElo "2459"]
[Annotator "ChessBase"]
[PlyCount "63"]
[EventDate "2018.07.12"]
[EventType "swiss"]
[EventCountry "GER"]
[SourceTitle "playchess.com"]
[Source "ChessBase"]
[SourceQuality "1"]
[TimeControl "40/5400+30:1800+30"]

1. e4 c5 2. Nf3 d6 3. Bb5+ Nd7 4. O-O a6 5. Bd3 Ngf6 6. Re1 e6 7. a4 b6 8. c3 Bb7 9. Na3 Be7 10. Bc2 Qc7 11. d3 O-O 12. Bf4 Nh5 13. Be3 d5 14. e5 g6 15. d4 Rac8 16. Rc1 Nb8 17. Ng5 Nc6 18. Nxh7 Rfd8 19. Ng5 cxd4 20. cxd4 Bb4 21. Rf1 Qe7 22. Qg4 Nxe5 23. dxe5 d4 24. Nxf7 Qxf7 25. Bxg6 Qg7 26. Rxc8 Rxc8 27. Bc1 d3 28. Be3 Bd5 29. Bxh5 d2 30. Qxg7+ Kxg7 31. Be2 Bb3 32. Bd1 1-0

[Event "EYTCC Open U18 2018"]
[Site "Bad Blankeburg"]
[Date "2018.07.13"]
[Round "2"]
[White "Teclaf, Pawel"]
[Black "Pajeken, Jakob Leon"]
[Result "1-0"]
[ECO "A06"]
[WhiteElo "2399"]
[BlackElo "2273"]
[Annotator "NA"]
[PlyCount "99"]
[EventDate "2018.07.12"]
[EventType "swiss"]
[EventCountry "GER"]
[SourceTitle "playchess.com"]
[Source "ChessBase"]
[SourceQuality "1"]
[TimeControl "40/5400+30:1800+30"]

1. Nf3 d5 2. b3 Bg4 3. Bb2 Nd7 4. g3 Ngf6 5. Bg2 e6 6. O-O Bd6 7. c4 O-O 8. d4 c6 9. Ne5 Bf5 10. Nd2 a5 11. a3 h6 12. h3 Qc7 13. f4 $11 Be4 14. Nxe4 Nxe4 15. Bxe4 dxe4 16. Qc2 f5 17. c5 Bxe5 18. dxe5 b6 19. Qc4 Rfe8 20. Rad1 Nxc5 21. Rd6 Kh7 22. Bd4 Qe7 23. Bxc5 bxc5 24. Rfd1 Ra7 25. Qxc5 Rb8 26. Qc4 Rab7 27. Rb1 Rb5 28. Kg2 c5 29. Rxe6 Qb7 30. Rd6 e3+ 31. Qd5 c4 32. Qxb7 R8xb7 33. b4 axb4 34. Rxb4 Rxb4 35. axb4 Rxb4 36. Rc6 g5 37. Kf3 Kg7 38. Rc7+ Kg6 39. Rc6+ Kg7 40. Kxe3 Rb3+ 41. Kf2 gxf4 42. gxf4 Rxh3 43. Rxc4 Kf7 44. Rc6 Ke7 45. Rf6 Rh2+ 46. Ke3 Rh5 47. Kd4 Rh2 48. Rxf5 Rxe2 49. Rh5 Rd2+ 50. Ke4 1-0